 Dungeon Crawl Stone Soup version 0.28.0-47-ge53b351184 (webtiles) character file.

Game seed: 8067262537870806435

121161 RatsInWalls the Worldbinder (level 16, -18/125 HPs)
             Began as a Barachi Summoner on May 10, 2022.
             Was the Champion of Hepliaklqana.
             Demolished by a caustic shrike simulacrum (27 damage)
             ... in an ice cave on May 11, 2022.
             The game lasted 02:23:42 (32913 turns).

RatsInWalls the Worldbinder (Barachi Summoner)     Turns: 32913, Time: 02:23:42

Health: -18/125    AC: 14    Str: 13    XL:     16   Next: 84%
Magic:  25/43      EV: 15    Int: 19    God:    Hepliaklqana [******]
Gold:   1655       SH:  0    Dex: 15    Spells: 10/43 levels left

rFire   . . .      SeeInvis .   Y - staff of air
rCold   . . .      Faith    .   (no shield)
rNeg    + + .      Spirit   .   c - +0 acid dragon scales
rPois   +          Reflect  .   Q - +1 helmet of Isiosop {Will++ Int+2}
rElec   +          Harm     .   y - +2 ratskin cloak {*Rats rPois rN+ Str-1 Int-1 Dex+1}
rCorr   +          Rampage  +   w - +0 pair of gloves
Will    ++++.                   R - +1 pair of boots {rampage}
Stlth   ++........              i - amulet of magic regeneration
HPRegen 0.30/turn               H - ring of magical power
MPRegen 0.68/turn               d - ring "Toinesec" {rN+ Will+ rCorr}

@: slow
A: reduced essence, amphibious, slowness 1, strong legs 2, +LOS
a: Hop, Renounce Religion, Recall Ancestor, Ancestor Identity, Transference,
Idealise


You were in an ice cave.
You worshipped Hepliaklqana.
Hepliaklqana was exalted by your worship.
You visited 5 branches of the dungeon, and saw 26 of its levels.
You also visited: Ice Cave and Volcano.

You collected 3193 gold pieces.
You spent 1538 gold pieces at shops.

Inventory:

Hand Weapons
 I - the +8 whip of Joecwis {speed, *Corrode rF++ rN+++ Str+2 Stlth-}
   (You found it on level 2 of the Lair of Beasts)

   Attacks with this weapon are significantly faster.
   Str:       It affects your strength (+2).
   rF:        It greatly protects you from fire.
   rN:        It renders you almost immune to negative energy.
   *Corrode:  It may corrode you when you take damage.
   Stlth:     It makes you less stealthy.
 V - the +9 staff of Olgreb {rPois∞}
   (You found it on level 6 of the Lair of Beasts)

   If the wielder is skilled in Evocations, they can envenom those struck by it,
   dealing poison damage which bypasses armour.
   It enhances your poison magic.
   It grants immunity to poison.
   It can be activated via the 'a'bility menu to radiate toxic energy, with
   effectiveness depending on Evocations skill.
Missiles
 L - 4 throwing nets
Armour
 c - +0 acid dragon scales (worn)
 w - a +0 pair of gloves (worn)
 y - the +2 ratskin cloak (worn) {*Rats rPois rN+ Str-1 Int-1 Dex+1}
   (You found it on level 6 of the Dungeon)

   When the wearer is hurt, rats may emerge from it to assist them.
   Str:       It affects your strength (-1).
   Int:       It affects your intelligence (-1).
   Dex:       It affects your dexterity (+1).
   rPois:     It protects you from poison.
   rN:        It protects you from negative energy.
 M - a +1 cloak of fire resistance
 Q - the +1 helmet of Isiosop (worn) {Will++ Int+2}
   (You bought it in a shop on level 2 of the Orcish Mines)

   Int:       It affects your intelligence (+2).
   Will:      It greatly increases your willpower.
 R - a +1 pair of boots of rampaging (worn)
Magical Staves
 g - a staff of cold
 O - a staff of death
 X - a staff of earth
 Y - a staff of air (weapon)
Jewellery
 d - the ring "Toinesec" (right hand) {rN+ Will+ rCorr}
   (You found it on level 1 of the Swamp)

   [ring of resist corrosion]

   rN:        It protects you from negative energy.
   rCorr:     It protects you from acid and corrosion.
   Will:      It increases your willpower.
 i - an amulet of magic regeneration (around neck)
 r - a ring of willpower
 G - a ring of positive energy
 H - a ring of magical power (left hand)
Wands
 f - a wand of digging (4)
 k - a wand of polymorph (22)
 u - a wand of iceblast (35)
 A - a wand of mindburst (7)
 B - a wand of acid (19)
 Z - a wand of paralysis (3)
Scrolls
 a - 3 scrolls of fog
 b - 9 scrolls of teleportation
 o - 11 scrolls of enchant armour
 q - 3 scrolls of amnesia
 t - 2 scrolls of enchant weapon
 v - 2 scrolls of identify
 x - 2 scrolls of blinking
 W - a scroll of holy word
Potions
 e - a potion of ambrosia
 h - a potion of resistance
 j - 5 potions of haste
 l - 5 potions of cancellation
 m - 6 potions of heal wounds
 n - 3 potions of brilliance
 p - 3 potions of lignification
 s - 8 potions of curing
 z - 3 potions of flight
 E - 2 potions of berserk rage
 F - 4 potions of might
 J - 4 potions of mutation
 U - 5 potions of magic
Miscellaneous
 D - a piece from Xom's chessboard (15/15)
 K - a phial of floods
 T - a box of beasts


   Skills:
 + Level 16.5 Fighting
 - Level 2.1 Armour
 + Level 7.8 Dodging
 - Level 1.7 Stealth
 + Level 14.3 Spellcasting
 * Level 22.0 Summonings
 - Level 7.9 Ice Magic
 - Level 5.7 Air Magic
 - Level 5.9 Invocations


You had 10 spell levels left.
You knew the following spells:

 Your Spells              Type           Power      Damage    Failure   Level
a - Summon Small Mammal   Summ           100%       N/A       0%          1
b - Call Imp              Summ           77%        N/A       0%          2
c - Call Canine Familiar  Summ           77%        N/A       0%          3
d - Summon Lightning Spi  Summ/Air       79%        N/A       1%          4
e - Summon Guardian Gole  Hex/Summ       53%        N/A       1%          3
f - Summon Hydra          Summ           38%        N/A       1%          7
g - Summon Ice Beast      Ice/Summ       63%        N/A       1%          4
h - Summon Cactus Giant   Summ           38%        N/A       1%          6
i - Swiftness             Air            52%        N/A       1%          3

Your spell library contained the following spells:

 Spells                   Type           Power      Damage    Failure   Level
 Ensorcelled Hibernation  Hex/Ice        56%        N/A       1%          2
 Frozen Ramparts          Ice            86%        1d10      1%          3
 Shock                    Conj/Air       100%       1d9       2%          1
 Poisonous Vapours        Pois/Air       72%        N/A       3%          2
 Static Discharge         Conj/Air       36%        N/A       3%          2
 Airstrike                Air            26%        N/A       6%          4
 Animate Skeleton         Necr           26%        N/A       7%          1
 Apportation              Tloc           26%        N/A       7%          1
 Magic Dart               Conj           52%        1d5       7%          1
 Slow                     Hex            52%        N/A       7%          1
 Sting                    Tmut/Pois      52%        1d5       7%          1
 Mephitic Cloud           Conj/Pois/Air  31%        N/A       10%         3
 Passwall                 Tmut/Erth      10%        N/A       11%         2
 Scorch                   Fire           26%        2d6       11%         2
 Sublimation of Blood     Necr           13%        N/A       11%         2
 Wereblood                Tmut           13%        N/A       11%         2
 Ice Form                 Ice/Tmut       28%        N/A       14%         4
 Confusing Touch          Hex            13%        N/A       21%         3
 Spider Form              Tmut/Pois      13%        N/A       21%         3
 Tukima's Dance           Hex            13%        N/A       21%         3
 Vampiric Draining        Necr           13%        2d6       21%         3
 Freezing Cloud           Conj/Ice/Air   23%        6-21      30%         5
 Metabolic Englaciation   Hex/Ice        14%        N/A       36%         5
 Anguish                  Hex/Necr       6%         N/A       56%         4
 Cause Fear               Hex            6%         N/A       56%         4
 Dispel Undead            Necr           13%        3d9       56%         4
 Flame Wave               Conj/Fire      13%        2d6       56%         4
 Olgreb's Toxic Radiance  Pois           13%        N/A       56%         4
 Passage of Golubria      Tloc           13%        N/A       56%         4
 Petrify                  Tmut/Erth      13%        N/A       56%         4
 Sticky Flame             Conj/Fire      13%        2d4       56%         4
 Dragon's Call            Summ           38%        N/A       63%         9
 Alistair's Intoxication  Tmut/Pois      8%         N/A       88%         5
 Irradiate                Conj/Tmut      6%         3d15      88%         5
 Yara's Violent Unravell  Hex/Tmut       6%         3d5       88%         5
 Simulacrum               Ice/Necr       14%        N/A       91%         6
 Statue Form              Tmut/Erth      8%         N/A       100%        6
 Dragon Form              Tmut           6%         N/A       100%        7
 Enfeeble                 Hex            6%         N/A       100%        7
 Polar Vortex             Ice            21%        N/A       100%        9


Dungeon Overview and Level Annotations

Branches:
Dungeon (15/15)            Temple (1/1) D:7            Lair (6/6) D:10
  Swamp (2/4) Lair:2        Snake (0/4) Lair:2        Slime (0/5) Lair:6
    Orc (2/2) D:10            Elf (0/3) Orc:2        Vaults (0/5) D:14
 Depths (0/4) D:15          IceCv (1/1)             Volcano (visited)

Altars:
Ashenzari
Cheibriados
Dithmenos
Elyvilon
Fedhas
Gozag
Hepliaklqana
Kikubaaqudgha
Makhleb
Nemelex Xobeh
Okawaru
Qazlal
Ru
Sif Muna
Trog
Uskayaw
Vehumet
Wu Jian
Xom
Yredelemnul
Zin
The Shining One
Beogh

Shops:
D:1 [   D:5 *   D:6 ?   D:7 !   D:8 =   Orc:2 :(*[

Portals:
Trove: D:11 (give horn of Geryon)

Annotations:
Lair:3 exclusion: oklob plant
Orc:2 2 runed translucent doors, exclusion: 4 orange crystal statues IceCv 1 transporter


Innate Abilities, Weirdness & Mutations

Your life essence is reduced to manifest your ancestor. (-10% HP)
You are amphibious.
You cover ground slowly.
You can hop long distances.
You have an extended range of vision and can be seen from far away.


Message History

Your cactus giant disappears in a puff of smoke!
Magic restored.
Your river rat returns to the shadows of the Dungeon!
The world spins around you as you enter the gateway.
You enter an ice cave!
Found six items.
Found an ice covered gate leading back out of this place.
Found a transporter.
There is an ice choked empty arch of ancient stone here.
Casting: Summon Hydra (dangerous; 1% risk of failure)
Confirm with . or Enter, or press ? or * to list all spells.
The harpy simulacrum is struck by your cactus giant's spines.
The harpy simulacrum claws your cactus giant!
The harpy simulacrum freezes your cactus giant!
The harpy simulacrum claws your cactus giant!
The harpy simulacrum freezes your cactus giant!!
An eight-headed hydra appears.
The harpy simulacrum is struck by your cactus giant's spines.
The harpy simulacrum vaporises!
Your cactus giant hits the alligator simulacrum with a +0 giant spiked club!!
Unknown command.
A seven-headed hydra appears.
The caustic shrike simulacrum claws you!!
The caustic shrike simulacrum freezes you!!
* * * LOW HITPOINT WARNING * * *
The caustic shrike simulacrum claws you!
* * * LOW HITPOINT WARNING * * *
The caustic shrike simulacrum freezes you!!
* * * LOW HITPOINT WARNING * * *
The alligator simulacrum is struck by your cactus giant's spines.
The alligator simulacrum vaporises!
The white very ugly thing tentacle-slaps your seven-headed hydra!!
The white very ugly thing freezes your seven-headed hydra!!
Unknown command.
Okay, then.
You feel much better.
The caustic shrike simulacrum claws you!
* * * LOW HITPOINT WARNING * * *
The caustic shrike simulacrum freezes you!!
You die...

####
###...####
#........##
..........##
....Z..○○..##
.[..8.ZRC...#
8.[.........#
©©)?..uD@.∩.#
8.[....ZD...#
.$..8..ZZ...#
...........##
....Z.....##
#........##
###...####
####


You could see the friendly Georgy the knight, a white very ugly thing (ally
target), 2 dire elephant simulacra, a lindwurm simulacrum, a golden dragon
simulacrum, an ettin simulacrum, a caustic shrike simulacrum (ally target), a
friendly eight-headed hydra (summoned), a friendly seven-headed hydra (summoned)
and a friendly cactus giant (summoned).

Vanquished Creatures
  A black mamba (Lair:2)
  A water moccasin (Lair:2)
  2 wolves (Lair:2)
  A phantom (D:7)
  A nameless horror (D:7)
  A bullfrog (D:8)
  A howler monkey (D:5)
  A bullfrog skeleton (D:5)
  A jelly (D:4)
  2 bullfrog zombies
  A centaur skeleton (D:6)
  A killer bee zombie (D:7)
  3 adders
  A dart slug (D:1)
  An orc (D:10)
  3 endoplasms
  A hobgoblin (D:1)
  3 jackals (D:1)
  3 kobolds
  4 ball pythons (D:1)
  A bat (D:1)
  2 frilled lizards (D:1)
  3 goblins
  2 rats (D:1)
41 creatures vanquished.

Vanquished Creatures (collateral kills)
  Rupert (D:14)
  The ghost of Zeld the Fighter, an adept DrCj of Vehumet (Swamp:1)
  A thorn hunter (Swamp:2)
  A storm dragon (D:14)
  Donald (Orc:2)
  An orc warlord (Orc:2)
  The ghost of bronco the Bludgeoner, a journeyman DDFi of Ru (Lair:6)
  A stone giant (D:14)
  A dire elephant (Lair:6)
  An ettin (Orc:2)
  A yaktaur captain (D:14)
  2 ice dragons
  Harold (D:10)
  8 hydras
  Erolcha (D:11)
  A vault guard (D:11)
  A boulder beetle (D:11)
  A death knight (D:13)
  A dancing weapon (Volcano)
  7 centaur warriors
  7 two-headed ogres
  An alligator (Swamp:1)
  13 death yaks (Lair:6)
  3 orc high priests (Orc:2)
  Urug (D:14)
  6 goliath frogs (Swamp:1)
  4 lindwurms (Lair:6)
  6 wizards
  A wolf spider zombie (D:15)
  5 nameless horrors
  5 orc sorcerers
  2 phantasmal warriors (D:13)
  A necromancer (D:15)
  A deep elf zephyrmancer (D:15)
  An ugly thing (D:11)
  3 manticores
  4 cyclopes
  6 orc knights
  Maurice (D:8)
  2 naga magi (D:15)
  9 elephants
  Joseph (D:10)
  4 toenail golems (Volcano)
  A moth of wrath (Swamp:1)
  7 black mambas
  9 cane toads
  An eye of devastation (Lair:6)
  5 torpor snails (Lair:6)
  A centaur skeleton (D:15)
  4 freezing wraiths
  4 rime drakes
  8 komodo dragons
  Psyche (D:8)
  12 hornets
  3 trolls
  2 polar bears
  A wind drake (shapeshifter) (D:15)
  7 tyrant leeches
  Prince Ribbit (D:5)
  15 blink frogs
  11 dream sheep
  2 centaur simulacra (D:15)
  A meliai zombie (D:12)
  7 spriggans
  A vampire (D:14)
  2 wraiths
  A shadow (D:12)
  14 humans (D:14)
  57 yaks
  Eustachio (D:4)
  5 basilisks
  4 wyverns
  13 vampire mosquitoes
  5 wargs
  A harpy simulacrum (IceCv)
  2 nagas (Lair:2)
  An acid dragon (D:14)
  2 swamp worms (Swamp:1)
  14 water moccasins
  2 ice beasts (D:5)
  A floating eye (Lair:6)
  A black bear (D:7)
  A sky beast (D:6)
  16 orc warriors
  An alligator simulacrum (IceCv)
  A hornet zombie (D:15)
  3 necrophages
  9 ogres
  25 wolves
  6 centaurs
  4 kobold brigands
  14 bullfrogs
  A water moccasin zombie (D:5)
  A wyvern zombie (D:8)
  2 gnoll sergeants
  2 scorpions
  A water moccasin skeleton (D:5)
  2 wights (D:12)
  11 killer bees
  5 electric eels
  3 centaur zombies
  2 howler monkeys
  2 bullfrog zombies
  8 hounds
  3 jellies
  6 orc priests
  Natasha (thrice) (D:2)
  4 iguanas
  6 orc wizards
  5 hell rats (Lair:4)
  2 mummies (D:12)
  2 howler monkey zombies
  4 adders
  15 gnolls
  2 white imps (D:5)
  An adder skeleton (D:4)
  A dart slug (D:1)
  32 orcs
  6 ball pythons
  A bat (D:1)
  5 endoplasms
  3 giant cockroaches
  2 goblins
  3 hobgoblins
  22 kobolds
  2 quokkas (D:2)
  2 frilled lizards
  4 rats
607 creatures vanquished.

Vanquished Creatures (others)
  A hydra (Lair:6)
  2 boulder beetles
  An orc high priest (Orc:2)
  A death yak (Lair:6)
  A goliath frog (Swamp:1)
  A wizard (D:15)
  A toenail golem (Volcano)
  5 elephants
  2 cane toads (Lair:2)
  A black mamba (Lair:3)
  A rime drake (Lair:3)
  A polar bear (Lair:6)
  A hornet (Lair:6)
  4 dream sheep (Lair:5)
  2 blink frogs (Lair:2)
  4 yaks
  A wyvern (D:9)
  A vampire (D:11)
  2 humans (D:14)
  A basilisk (Lair:3)
  A steam dragon (Lair:3)
  A naga (Lair:2)
  A water moccasin (Lair:1)
  An acid dragon (D:12)
  5 orc warriors
  4 wolves
  A hound (Lair:3)
  An ancestor (D:8)
  6 knights
  A hell rat (Lair:4)
  A gnoll (D:10)
  An orc (D:10)
  A bush (Lair:6)
  46 fungi
  68 plants
  3 withered plants (D:12)
176 creatures vanquished.

Grand Total: 824 creatures vanquished

Notes
Turn   | Place    | Note
-------+----------+-------------------------------------------
     0 | D:1      | RatsInWalls the Barachi Summoner began the quest for the
                  | Orb.
     0 | D:1      | Reached XP level 1. HP: 13/13 MP: 3/3
    64 | D:1      | Reached skill level 5 in Summonings
   416 | D:1      | Reached XP level 2. HP: 18/20 MP: 0/5
   479 | D:1      | Reached skill level 1 in Fighting
  1279 | D:1      | Reached XP level 3. HP: 19/26 MP: 4/6
  1446 | D:1      | Learned a level 2 spell: Call Imp
  1450 | D:1      | Learned a level 3 spell: Call Canine Familiar
  1505 | D:1      | Found Joci's Armour Emporium.
  1952 | D:2      | Reached XP level 4. HP: 33/33 MP: 3/8
  1993 | D:2      | Noticed Natasha
  2001 | D:2      | Killed Natasha
  2002 | D:2      | Reached skill level 6 in Summonings
  2041 | D:2      | Reached XP level 5. HP: 30/39 MP: 1/9
  2180 | D:2      | Noticed Natasha
  2198 | D:2      | Killed Natasha
  2723 | D:2      | Noticed Natasha
  2730 | D:2      | Killed Natasha
  2731 | D:2      | Reached skill level 1 in Armour
  3069 | D:2      | Found a faded altar of an unknown god.
  3993 | D:4      | Noticed an ogre
  4003 | D:4      | Killed an ogre
  4004 | D:4      | Reached XP level 6. HP: 47/47 MP: 11/11
  4207 | D:4      | Noticed a necrophage
  4223 | D:4      | Killed a necrophage
  4224 | D:4      | Reached skill level 7 in Summonings
  4258 | D:4      | Noticed Eustachio
  4278 | D:4      | Killed Eustachio
  4279 | D:4      | Reached XP level 7. HP: 45/54 MP: 10/13
  4499 | D:4      | Reached skill level 8 in Summonings
  5018 | D:4      | Learned a level 4 spell: Summon Lightning Spire
  5019 | D:5      | Entered Level 5 of the Dungeon
  5116 | D:5      | Reached skill level 5 in Fighting
  5116 | D:5      | Reached skill level 1 in Air Magic
  5116 | D:5      | Reached XP level 8. HP: 62/62 MP: 13/15
  5392 | D:5      | Reached skill level 5 in Spellcasting
  5506 | D:5      | Noticed Prince Ribbit
  5540 | D:5      | Killed Prince Ribbit
  5541 | D:5      | Reached skill level 9 in Summonings
  5679 | D:5      | Found Qufuvela's General Store.
  5682 | D:5      | Bought a potion of heal wounds for 55 gold pieces
  5682 | D:5      | Bought a scroll of blinking for 82 gold pieces
  6206 | D:6      | Reached XP level 9. HP: 61/71 MP: 14/17
  6561 | D:6      | Found the +2 ratskin cloak {*Rats rPois rN+ Str-1 Int-1
                  | Dex+1}
  6565 | D:6      | Found Fygg's Magic Scroll Shoppe.
  6893 | D:6      | Bought a scroll of identify for 24 gold pieces
  6895 | D:6      | Bought a scroll of enchant armour for 90 gold pieces
  7324 | D:6      | Reached skill level 10 in Summonings
  7668 | D:6      | Bought a scroll of identify for 24 gold pieces
  8007 | D:7      | Found a shadowy altar of Dithmenos.
  8030 | D:7      | Reached skill level 5 in Air Magic
  8147 | D:7      | Found a staircase to the Ecumenical Temple.
  8153 | Temple   | Entered the Ecumenical Temple
  8355 | Temple   | Became a worshipper of Hepliaklqana the Forgotten
  8566 | D:7      | Noticed a two-headed ogre
  8583 | D:7      | Killed a two-headed ogre
  8584 | D:7      | Reached skill level 11 in Summonings
  8584 | D:7      | Reached XP level 10. HP: 80/80 MP: 10/20
  8594 | D:7      | Learned a level 3 spell: Summon Guardian Golem
  8637 | D:7      | Found Bost's Distillery.
  8888 | D:8      | Reached * piety under Hepliaklqana
  8985 | D:8      | Noticed Psyche
  9012 | D:8      | Killed Psyche
  9418 | D:8      | Noticed a two-headed ogre
  9433 | D:8      | Killed a two-headed ogre
  9434 | D:8      | Reached skill level 12 in Summonings
  9513 | D:8      | Found Tonwup's Jewellery Shop.
  9626 | D:8      | Noticed Maurice
  9649 | D:8      | Killed Maurice
  9916 | D:9      | Reached ** piety under Hepliaklqana
  9917 | D:9      | Remembered your ancestor Georgy as a knight
  9992 | D:9      | Reached skill level 13 in Summonings
 10057 | D:9      | Reached XP level 11. HP: 80/80 MP: 20/23
 10404 | D:9      | Noticed a two-headed ogre
 10412 | D:9      | Killed a two-headed ogre
 10424 | D:9      | Identified the +0 leather armour "Cuwk" {rF+ Dex+3}
 11175 | D:10     | Entered Level 10 of the Dungeon
 11191 | D:10     | Noticed Harold
 11203 | D:10     | Killed Harold
 11536 | D:10     | Found a basalt altar of Yredelemnul.
 11585 | D:10     | Found a staircase to the Lair.
 11778 | D:10     | Reached skill level 10 in Fighting
 11833 | D:10     | Reached skill level 14 in Summonings
 11839 | D:10     | Found a staircase to the Orcish Mines.
 11938 | D:10     | Noticed Joseph
 11950 | D:10     | Killed Joseph
 12143 | D:10     | Found a radiant altar of Vehumet.
 12537 | Lair:1   | Entered Level 1 of the Lair of Beasts
 12828 | Lair:1   | Reached *** piety under Hepliaklqana
 13499 | Lair:2   | Found a staircase to the Swamp.
 14226 | Lair:1   | Identified a scroll of acquirement
 14226 | Lair:1   | Acquired 532 gold pieces
 14290 | Lair:2   | Identified the +8 whip of Joecwis {speed, *Corrode rF++
                  | rN+++ Str+2 Stlth-}
 14367 | Lair:2   | Identified the +2 robe "Puromiot" {Slay+2}
 14388 | Lair:2   | Reached skill level 15 in Summonings
 14482 | Lair:2   | Reached XP level 12. HP: 89/89 MP: 25/25
 14997 | Lair:2   | Found a staircase to the Snake Pit.
 15072 | Lair:2   | Reached skill level 5 in Dodging
 15072 | Lair:2   | Reached skill level 10 in Spellcasting
 15081 | Lair:2   | Reached skill level 16 in Summonings
 15559 | Lair:2   | Learned a level 7 spell: Summon Hydra
 16062 | Lair:3   | Found a dark tunnel.
 16079 | Volcano  | Entered a volcano
 16097 | Volcano  | Gained mutation: You can hop long distances. [Barachi
                  | growth]
 16097 | Volcano  | Reached XP level 13. HP: 85/97 MP: 2/27
 16167 | Volcano  | Reached skill level 17 in Summonings
 16574 | Lair:3   | Reached **** piety under Hepliaklqana
 17901 | Lair:4   | Reached skill level 18 in Summonings
 18773 | Lair:5   | Reached ***** piety under Hepliaklqana
 18799 | Lair:5   | Reached skill level 1 in Invocations
 19070 | Lair:5   | Reached XP level 14. HP: 84/106 MP: 27/29
 19831 | Lair:6   | Entered Level 6 of the Lair of Beasts
 20264 | Lair:6   | Reached skill level 19 in Summonings
 20526 | Lair:6   | Found a staircase to the Slime Pits.
 20644 | Lair:6   | Noticed a dire elephant
 20651 | Lair:6   | Killed a dire elephant
 20872 | Lair:6   | Found a large runed translucent door.
 20872 | Lair:6   | Found a large runed translucent door.
 20997 | Lair:6   | Noticed bronco's ghost (journeyman DDFi)
 21075 | Lair:6   | Killed bronco's ghost
 21251 | Lair:6   | Reached XP level 15. HP: 105/114 MP: 19/31
 21255 | Lair:6   | Reached skill level 20 in Summonings
 21331 | Lair:6   | Found the +9 staff of Olgreb {rPois∞}
 21583 | Lair:6   | Reached skill level 5 in Invocations
 21858 | Lair:6   | Found a runed translucent door.
 23178 | D:11     | Noticed Erolcha
 23183 | D:11     | Killed Erolcha
 23311 | D:11     | Found a snail-covered altar of Cheibriados.
 23324 | D:11     | Identified the +1 cloak of the Nexus {rElec Int-5 Dex+7
                  | Slay+5}
 23588 | D:11     | Reached skill level 15 in Fighting
 23904 | D:11     | Found a portal to a secret trove of treasure.
 25028 | D:13     | Reached skill level 1 in Ice Magic
 25285 | D:13     | Found a stormy altar of Qazlal.
 26114 | D:14     | Noticed Urug
 26114 | D:14     | Noticed Rupert
 26114 | D:14     | Found a gate to the Vaults.
 26443 | D:14     | Noticed a storm dragon
 26452 | D:14     | Killed a storm dragon
 26461 | D:14     | Killed Rupert
 26468 | D:14     | Reached skill level 21 in Summonings
 26622 | D:14     | Reached skill level 5 in Ice Magic
 26810 | D:14     | Learned a level 4 spell: Summon Ice Beast
 26826 | D:14     | Reached ****** piety under Hepliaklqana
 26981 | D:14     | Reached XP level 16. HP: 122/122 MP: 33/33
 27016 | D:14     | Found a glowing golden altar of the Shining One.
 27044 | D:14     | Killed Urug
 27963 | D:15     | Entered Level 15 of the Dungeon
 28659 | D:15     | Found a staircase to the Depths.
 29223 | Orc:1    | Entered Level 1 of the Orcish Mines
 29402 | Orc:2    | Entered Level 2 of the Orcish Mines
 29415 | Orc:2    | Noticed Donald
 29418 | Orc:2    | Found a runed translucent door.
 29486 | Orc:1    | Found Cawaz's Book Shop.
 29934 | Orc:2    | Killed Donald
 30191 | Orc:2    | Found Piaggoh's Antique Weapon Shoppe.
 30334 | Orc:2    | Found Liss's Book Boutique.
 30344 | Orc:2    | Bought a book of Scorching for 390 gold pieces
 30351 | Orc:2    | Learned a level 6 spell: Summon Cactus Giant
 30351 | Orc:2    | Bought a book of the Dragon for 598 gold pieces
 30360 | Orc:2    | Found a runed translucent door.
 30366 | Orc:2    | Found the +10 tower shield of Ignorance {rN+ Int-4}
 30569 | Orc:2    | Found Sorocuth's General Store.
 30657 | Orc:2    | Found Ycaibur's Antique Armour Shoppe.
 30673 | Orc:2    | Found a staircase to the Elven Halls.
 30871 | Orc:2    | Bought an encrusted helmet for 275 gold pieces
 30871 | Orc:2    | Identified the +1 helmet of Isiosop {Will++ Int+2} (You
                  | bought it in a shop on level 2 of the Orcish Mines)
 31221 | Swamp:1  | Entered Level 1 of the Swamp
 31260 | Swamp:1  | Noticed Zeld's ghost (adept DrCj)
 31261 | Swamp:1  | Found a transporter.
 31287 | Swamp:1  | Found a transporter.
 31302 | Swamp:1  | Learned a level 3 spell: Swiftness
 32652 | Swamp:1  | Killed Zeld's ghost
 32655 | Swamp:1  | Identified the ring "Toinesec" {rN+ Will+ rCorr}
 32798 | Swamp:2  | Noticed a thorn hunter
 32807 | Swamp:2  | Killed a thorn hunter
 32808 | Swamp:2  | Reached skill level 22 in Summonings
 32870 | Swamp:2  | Found a frozen archway.
 32909 | IceCv    | Entered an ice cave
 32909 | IceCv    | Found a transporter.
 32912 | IceCv    | HP: 1/125 [caustic shrike simulacrum (28)]
 32913 | IceCv    | Demolished by a caustic shrike simulacrum

Illustrated notes

Levels and vault maps discovered:
D:1:      ebering_hopf_link, layout_basic, serial_shops, shop,
          chequers_serial_rivers_small_3
D:2:      layout_basic, shapermc_ecumenical_altar_mp_highgroup,
          chequers_serial_rivers_small_3, uniq_natasha
D:3:      layout_rooms, chequers_garden
D:4:      layout_basic, minivault_26, minmay_misc_feat_columns, dk_vineyard_3,
          minmay_fractal_squares_gapless_5, uniq_eustachio
D:5:      layout_loops_cross, serial_shops, nicolae_shop_window_shopping,
          uniq_prince_ribbit1
D:6:      layout_basic, serial_shops, nicolae_shop_stone
D:7:      layout_loops_ring, grunt_dithmenos_shadows,
          minmay_temple_entry_enclosed_plants, serial_shops,
          kennysheep_mini_moat
D:8:      layout_gridville, serial_shops, nicolae_shop_hallway_plus,
          uniq_maurice, uniq_psyche
D:9:      layout_layer_cave, roderic_lattice_a, eino_tiny_chamber,
          chequers_serial_rivers_small_b
D:10:     layout_cave_pods, vehumet_crystals, mainiacjoe_overflow_chevrons,
          lair_entry_dummy, david_orc_5, uniq_harold, uniq_joseph
D:11:     layout_basic, enter_trove_5, cheibriados_altar_1, uniq_erolcha
D:12:     layout_small_grid, serial_undead, serial_undead_c, serial_undead_d,
          serial_undead_f, serial_undead_b, serial_undead_f
D:13:     layout_basic, nicolae_qazlal_scattered_showers
D:14:     layout_loops_ring, david_vaults_3, nicolae_tso_carved_into_rock,
          minmay_radiant
D:15:     grunt_enter_depths_magical_seal, layout_irregular_city, hex_medium
Temple:   mainiacjoe_temple_bowtie_tessellation
Lair:1:   layout_roguey, grunt_forest_small_clearing_treed,
          infiniplex_staircase_pool
Lair:2:   beast_lair_carwin_large_2, layout_cave_pods, minmay_swamp_entry_eels,
          minmay_snake_entry_guardpost_small
Lair:3:   beast_lair_carwin_large_4, layout_chaotic_city,
          nicolae_volcano_entry_lava_flow
Lair:4:   layout_layer_cave
Lair:5:   layout_concentric_octagons
Lair:6:   hangedman_lair_in_review, layout_regular_city, wormcave,
          minmay_slime_entry_eyes, ebering_ghost_disaster_area
Swamp:1:  layout_basic_swamp, gammafunk_ghost_berserking_beasts,
          hangedman_swamp_lotus
Swamp:2:  layout_basic_swamp, portal_ice_cave_entry_dragon,
          evilmike_swamp_ruin_wall, uniq_mlioglotl
Orc:1:    layout_caves, serial_shops, nicolae_shop_behind_doors
Orc:2:    grunt_orc_gardens, layout_diamond_mine, grunt_orc_garden,
          grunt_orc_garden, grunt_orc_garden, grunt_orc_garden,
          chequers_guarded_unrand_ignorance, uniq_donald
IceCv:    ice_cave_statue_garden_transporter

Skill      XL: |  1  2  3  4  5  6  7  8  9 10 11 12 13 14 15 16 |
---------------+-------------------------------------------------+-----
Summonings     | 5 6 7 8 9 11 13 15 16 18 19 21 22 | 22.0
Fighting       | 1 2 3 4 5 6 8 9 10 12 13 14 15 16 | 16.5
Spellcasting   | 3 4 5 7 8 9 10 11 12 13 14 | 14.3
Armour         | 2 |  2.1
Air Magic      | 1 3 5 |  5.7
Dodging        | 3 6 7 |  7.8
Invocations    | 1 4 5 |  5.9
Ice Magic      | 5 7 |  7.9
Stealth        | |  1.7

Action                   |  1- 3 |  4- 6 |  7- 9 | 10-12 | 13-15 | 16-18 || total
-------------------------+-------+-------+-------+-------+-------+-------++-------
Melee: Unarmed           |     4 |       |       |       |       |       ||     4
       Dagger            |    45 |    29 |    70 |    32 |       |       ||   176
       Punch             |     1 |       |     1 |       |     1 |     1 ||     4
       Whip              |       |       |       |    21 |    23 |       ||    44
       Staff             |       |       |       |       |       |    14 ||    14
 Cast: Summon Small Mamm |    46 |    25 |    64 |    52 |    15 |     1 ||   203
       Call Imp          |     6 |    13 |    39 |    39 |    36 |     2 ||   135
       Call Canine Famil |       |    24 |    53 |    66 |    59 |    13 ||   215
       Summon Lightning  |       |       |     8 |    50 |    42 |    10 ||   110
       Summon Guardian G |       |       |       |    61 |    64 |    19 ||   144
       Summon Hydra      |       |       |       |     6 |   164 |    95 ||   265
       Summon Ice Beast  |       |       |       |       |     2 |    27 ||    29
       Summon Cactus Gia |       |       |       |       |       |    13 ||    13
Invok: Ancestor Life: Kn |       |       |       |     1 |       |       ||     1
       Ancestor Identity |       |       |       |     1 |       |       ||     1
       Recall Ancestor   |       |       |       |       |     1 |       ||     1
       Idealise          |       |       |       |       |       |     1 ||     1
 Abil: Hop               |       |       |       |     5 |     4 |     3 ||    12
  Use: Scroll            |       |     3 |     5 |     8 |     9 |     1 ||    26
       Potion            |       |       |       |     1 |     1 |     3 ||     5
 Stab: Distracted        |       |       |     1 |       |     1 |     1 ||     3
Armor: Robe              |     9 |     1 |       |     5 |     1 |       ||    16
       Leather armour    |       |     5 |    17 |    16 |       |       ||    38
       Steam dragon scal |       |       |       |       |    15 |       ||    15
       Acid dragon scale |       |       |       |       |     2 |    27 ||    29
Dodge: Dodged            |    30 |    11 |    63 |    61 |    65 |    63 ||   293
